 Dungeon Crawl Stone Soup version 0.18-a0-1171-ga8e22e7 (webtiles) character file.

275 M4edhros the Sneak (level 6, -6/34 HPs)
             Began as an Octopode Artificer on Jan 26, 2016.
             Was an Initiate of Fedhas.
             Mangled by a small abomination (12 damage)
             ... on level 1 of the Abyss.
             The game lasted 00:06:38 (3467 turns).

M4edhros the Sneak (Octopode Artificer)             Turns: 3467, Time: 00:06:38

Health: -6/34      AC:  1    Str: 10    XL:     6   Next: 25%
Magic:  18/18      EV: 11    Int: 16    God:    Fedhas [......]
Gold:   313        SH: 10    Dex: 13    Spells: 0 memorised, 5 levels left

rFire  . . .     SeeInvis .     o - +2 dagger (elec)
rCold  . . .     Gourm    .     i - +2 shield
rNeg   . . .     Faith    .     (helmet restricted)
rPois  .         Spirit   .     (no amulet)
rElec  .         Dismiss  .     g - ring of stealth
rCorr  .         Reflect  .     p - ring of stealth
SustAt .         Harm     .     k - ring of magical power
MR     .....                    (no ring)
Stlth  ++++++....               (no ring)
                                (no ring)
                                (no ring)
                                (no ring)

@: not resistant to hostile enchantments, very stealthy
A: almost no armour, amphibious, 8 rings, constrict 8, camouflage 1,
deterioration 1, frail 1, gelatinous body 1
a: Renounce Religion


You were on level 1 of the Abyss.
You worshipped Fedhas.
Fedhas was noncommittal.
You were near starving.

You visited 2 branches of the dungeon, and saw 5 of its levels.
You visited the Abyss 1 time.

You collected 313 gold pieces.

Inventory:

Hand Weapons
 j - the +6 blowgun "Roera" {speed, +Blink MP+9 Str+4, unknown}
   (You found it on level 1 of the Abyss)

   Attacks with this weapon are significantly faster.
   It affects your strength (+4).
   It affects your magic capacity (+9).
   It lets you blink.
 l - a +0 hunting sling
 o - a +2 dagger of electrocution (weapon)
Missiles
 h - 112 stones (quivered)
 m - 12 sling bullets of frost
 n - 31 exploding sling bullets
Armour
 i - a +2 shield (worn)
Jewellery
 g - a ring of stealth (left tentacle)
 k - a ring of magical power (on tentacle)
 p - a ring of stealth (right tentacle)
Wands
 b - a wand of flame (14/48)
 c - a wand of enslavement (12/24)
 d - a wand of random effects (32/48)
Scrolls
 e - a scroll of immolation {unknown}
 q - a scroll of fear
Comestibles
 a - a beef jerky
 f - 4 bread rations


   Skills:
 - Level 1.0 Fighting
 - Level 1.0 Short Blades
 * Level 3.6 Dodging
 * Level 5.0 Stealth
 * Level 2.7 Shields
 + Level 4.2 Evocations


You had 5 spell levels left.
You didn't know any spells.

Dungeon Overview and Level Annotations

Branches:
Dungeon (4/15)             Temple (1/1) D:4

Altars:
Cheibriados
Fedhas
Kikubaaqudgha
Makhleb
Okawaru
Pakellas
Qazlal
Sif Muna
Trog
Vehumet
Xom
Zin
The Shining One

Annotations:
D:3 Jessica, Robin


Innate Abilities, Weirdness & Mutations

You cannot wear most types of armour.
You are amphibious.
You can wear up to eight rings at the same time.
You can use your tentacles to constrict eight enemies at once.
Your skin changes colour to match your surroundings (Stealth).
Your rubbery body absorbs attacks (AC +1).
Your body sometimes deteriorates upon taking damage.
You are frail (-10% HP).


Message History

You block the small abomination's attack.
The small abomination hits you.
You hit the small abomination. You squeeze the small abomination.
The small abomination is lightly damaged.
You block the small abomination's attack.
You barely miss the small abomination.
The small abomination is lightly damaged.
The small abomination hits you. The small abomination hits you!!
Ouch! That really hurt!
* * * LOW HITPOINT WARNING * * *
You aren't carrying any potions.
Evoke which item? (* to show all) (? for menu, Esc to quit)
Zapping:
c - a wand of enslavement (13/24)
Press: ? - help, Shift-Dir - straight line, f - small abomination
Aim: a small abomination (lightly damaged, chance to defeat MR: 37%)
The small abomination easily resists.
This wand has 12 charges left.
The small abomination hits you!
You die...
Xom snickers!
Fedhas appreciates your contribution to the ecosystem.

# .# ##x#
#####..#
.......#
#####...###
##..#..##x.#
#
##...#...@.##
#
......#.####
#.# ...#..#
#. # #. #
##...##.#
###.#.####
#...#.. # ##.
.# # #. #


You could see a small abomination.

Vanquished Creatures
  An orc priest (D:4)
  An orc wizard (D:4)
  An iguana (D:4)
  2 worker ants (D:4)
  A killer bee zombie (D:4)
  4 adders
  An ooze (D:1)
  A worm (D:2)
  A giant gecko (D:3)
  9 orcs (D:4)
  A ball python (D:1)
  5 bats
  3 giant cockroaches
  9 goblins
  4 hobgoblins
  3 jackals (D:1)
  6 giant newts
  14 kobolds
  9 rats
76 creatures vanquished.

Vanquished Creatures (others)
  A quasit (Abyss:1)
  5 toadstools
6 creatures vanquished.

Grand Total: 82 creatures vanquished

Notes
Turn   | Place    | Note
--------------------------------------------------------------
     0 | D:1      | M4edhros the Octopode Artificer began the quest for the Orb.
     0 | D:1      | Reached XP level 1. HP: 13/13 MP: 3/3
   232 | D:1      | Reached XP level 2. HP: 15/18 MP: 4/4
   944 | D:1      | Reached XP level 3. HP: 14/23 MP: 5/5
  1735 | D:3      | Reached XP level 4. HP: 18/28 MP: 6/6
  1772 | D:3      | Noticed Jessica
  1980 | D:3      | Found a burning altar of Makhleb.
  2039 | D:3      | Noticed Robin
  2143 | D:4      | Reached skill level 1 in Shields
  2182 | D:4      | Reached skill level 4 in Stealth
  2209 | D:4      | Reached XP level 5. HP: 33/33 MP: 8/8
  2645 | D:4      | Reached XP level 6. HP: 38/38 MP: 9/9
  2688 | D:4      | Found a staircase to the Ecumenical Temple.
  2719 | Temple   | Entered the Ecumenical Temple
  2795 | Temple   | Became a worshipper of Xom of Bone-Dry Humour
  2826 | Temple   | Fell from the grace of Xom
  2826 | Temple   | Became a worshipper of Fedhas Madash
  2912 | D:3      | XOM: give mutations
  2912 | D:3      | Gained mutation: You are frail (-10% HP). [Xom's mischief]
  2912 | D:3      | Gained mutation: Your body sometimes deteriorates upon taking damage. [Xom's mischief]
  2912 | D:3      | Gained mutation: You are very frail (-20% HP). [Xom's mischief]
  2912 | D:3      | Lost mutation: You are very frail (-20% HP). [Xom's mischief]
  3064 | D:2      | Found a bloodstained altar of Trog.
  3198 | D:2      | Reached skill level 5 in Stealth
  3328 | D:3      | Cast into level 1 of the Abyss (Xom)
  3365 | Abyss:1  | Noticed a raiju
  3367 | Abyss:1  | Found a corrupted altar of Lugonu.
  3375 | Abyss:1  | Noticed a neqoxec
  3385 | Abyss:1  | Noticed a large abomination
  3405 | Abyss:1  | Noticed a neqoxec
  3421 | Abyss:1  | Found a corrupted altar of Lugonu.
  3443 | Abyss:1  | Got an ancient blowgun
  3446 | Abyss:1  | Noticed a large abomination
  3448 | Abyss:1  | Noticed a thrashing horror
  3467 | Abyss:1  | Mangled by a small abomination

Vault maps used:
D:1:      roderic_chinese_lattice_arrival
D:2:      first_bread, trog_three_pillars_becter
D:3:      grunt_gozag_statues, lemuel_round_altar, uniq_jessica, uniq_robin
D:4:      minmay_temple_entry_statues_pillars
Temple:   water_room_temple_b_12
Abyss:1:  minivault_19

Action                   |  1- 3 |  4- 6 || total
-------------------------+-------+-------++-------
Melee: Short sword       |    89 |     9 ||    98
       Dagger            |       |    50 ||    50
Evoke: Wand              |       |     4 ||     4
  Use: Scroll            |     4 |     3 ||     7
       Potion            |     1 |     2 ||     3
 Stab: Sleeping          |    12 |    17 ||    29
  Eat: Chunk             |     2 |     4 ||     6
